 Dungeon Crawl Stone Soup version 0.32-a0-411-g744942f433 (webtiles) character file.

Game seed: 3811719377397396930

93 lunkers the Shooter (level 4, 0/32 HPs)
             Began as a Coglin Hexslinger on Feb 21, 2024.
             Succumbed to Robin's poison
             ... on level 2 of the Dungeon.
             The game lasted 00:01:36 (1659 turns).

lunkers the Shooter (Coglin Hexslinger)             Turns: 1659, Time: 00:01:36

Health: 0/32       AC:  4    Str:  8    XL:     4   Next: 62%
Magic:  5/5        EV: 12    Int: 13    God:
Gold:   53         SH:  0    Dex: 18    Spells: 3/5 levels left

rFire   . . .        a - +1 sling {Javier}
rCold   . . .        (no shield)
rNeg    . . .        c - +0 robe
rPois   .            i - +0 helmet
rElec   .            h - +0 cloak
rCorr   .            (no gloves)
SInv    .            (no boots)
Will    .....        (no amulet)
Stlth   ++           (no ring)
HPRegen 0.25/turn    (no ring)
MPRegen 0.09/turn

%: no passive effects
@: lethally poisoned (0 -> -16), revved
A: off-hand wielding, slow wielding, warmup strikes, legs shutdown
a: no special abilities


You were on level 2 of the Dungeon.
You visited 1 branch of the dungeon, and saw 2 of its levels.

You collected 53 gold pieces.

Inventory:

Hand Weapons
 a - a +1 sling (weapon) {Javier}
Armour
 c - a +0 robe (worn)
 h - a +0 cloak (worn)
 i - a +0 helmet (worn)
Scrolls
 b - a scroll of poison
 e - 2 scrolls of identify {unknown}
 k - a scroll of brand weapon {unknown}
Potions
 d - 2 potions of mutation {unknown}
 f - 2 potions of curing {unknown}
 g - a potion of magic {unknown}
 j - a potion of invisibility {unknown}


   Skills:
 - Level 1.0 Fighting
 + Level 4.2 Ranged Weapons
 - Level 1.7 Dodging
 - Level 1.0 Spellcasting
 - Level 2.6 Hexes
 - Level 0.8 Fire Magic


You had 3 spell levels left.
You knew the following spells:

 Your Spells              Type           Power      Damage    Failure   Level
b - Jinxbite              Hex            14%        N/A       14%         2

Your spell library contained the following spells:

 Spells                   Type           Power      Damage    Failure   Level
 Sigil of Binding         Hex            7%         N/A       28%         3
 Lesser Beckoning         Tloc           0%         N/A       38%         2
 Inner Flame              Hex/Fire       5%         N/A       38%         3
 Gell's Gravitas          Tloc           0%         N/A       63%         3
 Teleport Other           Tloc           0%         N/A       63%         3
 Cause Fear               Hex            3%         N/A       67%         4
 Dimensional Bullseye     Hex/Tloc       2%         N/A       85%         4


Dungeon Overview and Level Annotations

Branches:
Dungeon (2/15)

Altars:

Shops:
D:2 =

Annotations:
D:2 Robin


Innate Abilities, Weirdness & Mutations

You can wield a second weapon in your off-hand.
It takes a long time for you to wield or remove held weapons.
Your first few attacks do less damage.
Attacking and casting redirects power from your legs.


Message History

A goblin comes into view. It is wielding a +0 dagger.
Robin attacks as they pursue you! Robin barely misses you.
You see here a hobgoblin corpse.
You see here a +0 club.
You see here a +0 chain mail.
You shoot a sling bullet. The sling bullet hits the goblin!
You kill the goblin!
You shoot a sling bullet. The sling bullet closely misses Robin.
The sling bullet closely misses the goblin.
The sling bullet barely misses the goblin.
Robin closely misses you. Robin throws the goblin at you!
The goblin hits you with a +0 dagger.
You shoot a sling bullet.
The sling bullet barely misses the goblin.
The goblin hits you with a +0 dagger.
You shoot a sling bullet. The goblin shouts!
The sling bullet hits the goblin.
You kill the goblin!
Robin throws the goblin at you! The goblin hits you with a +0 dagger.
You shoot a sling bullet.
The sling bullet closely misses the goblin.
The goblin no longer looks unusually strong.
Robin hits you from afar with a +2 trident of venom!
You are poisoned.
The goblin barely misses you.
You shoot a sling bullet.
The sling bullet closely misses the goblin.
You feel very sick.
The goblin no longer looks unusually strong.
Robin roars a battlecry!
The goblins go into a battle-frenzy!
The goblin hits you with a +0 dagger.
* * * LOW HITPOINT WARNING * * *
Robin hits you from afar with a +2 trident of venom.
* * * LOW HITPOINT WARNING * * *
You are lethally poisoned!
The goblin hits you with a +0 dagger.
* * * LOW HITPOINT WARNING * * *
You die...

#.#.## ?....
#.###### ..... #.#
#.. .... #.# #.#
#.g## #.#
#.#####g..# #.#
#.##...g..# #.#
#.##.##...## #.#
#.##.#..†).#
#.####@##)#.....##
#...g..ggg..........
###########.....####
#.....# #######


You could see Robin and 3 goblins.

Vanquished Creatures
  A ribbon worm (D:2)
  2 dart slugs (D:1)
  7 bats
  3 endoplasms
  2 giant cockroaches
  10 goblins
  4 hobgoblins
  4 jackals (D:1)
  3 kobolds
  A quokka (D:1)
  4 ball pythons
  2 frilled lizards (D:1)
  4 rats (D:1)
47 creatures vanquished.

Notes
Turn   | Place    | Note
-------+----------+-------------------------------------------
     0 | D:1      | lunkers the Coglin Hexslinger began the quest for the Orb.
     0 | D:1      | Reached XP level 1. HP: 15/15 MP: 2/2
    24 | D:1      | Reached skill level 2 in Ranged Weapons
    29 | D:1      | Reached XP level 2. HP: 21/21 MP: 3/3
    35 | D:1      | Learned a level 2 spell: Jinxbite
    66 | D:1      | Reached skill level 3 in Ranged Weapons
    67 | D:1      | Reached XP level 3. HP: 18/26 MP: 4/4
  1045 | D:2      | Reached XP level 4. HP: 32/32 MP: 5/5
  1058 | D:2      | Found Cet Hath's Jewellery Boutique.
  1248 | D:2      | Found a faded altar of an unknown god.
  1334 | D:2      | Reached skill level 4 in Ranged Weapons
  1640 | D:2      | Noticed Robin
  1659 | D:2      | Succumbed to Robin's poison

Illustrated notes

Levels and vault maps discovered:
D:1:      psy_arrival_radial01, layout_basic
D:2:      layout_loops_corners, hellmonk_ecumenical_altar_inner_sanctum,
          serial_shops, nicolae_shop_crystal, uniq_robin,
          uniq_crazy_yiuf_cottage

Skill      XL: |  1  2  3  4 |
---------------+-------------+-----
Ranged Weapons | 2 3 4 |  4.2
Fighting       | |  1.0
Dodging        | |  1.7
Spellcasting   | |  1.0
Hexes          | |  2.6
Fire Magic     | |  0.8

Action                     |  1- 3 |  4- 6 || total
---------------------------+-------+-------++-------
   Fire: Sling             |    97 |    54 ||   151
 Armour: Robe              |    33 |    20 ||    53
  Dodge: Dodged            |    48 |    12 ||    60

Table legend: (Time is in decaauts)
 A = Elapsed time spent in this place.
 B = Non-inter-level travel time spent in this place.
 C = Inter-level travel time spent in this place.
 D = Time resting spent in this place.
 E = Time spent auto-exploring this place.
 F = Levels seen in this place.
 G = Mean time per level.
                   A        B        C        D        E       F      G
               +--------+--------+--------+--------+--------+-----+--------+
         Total |   1692 |   1650 |     42 |      0 |   1367 |   2 |  846.0 |
       Dungeon |   1692 |   1650 |     42 |      0 |   1367 |   2 |  846.0 |
               +--------+--------+--------+--------+--------+-----+--------+

Top non-repeatable levels by time:
     D:1: 1060 daAuts
     D:2: 632 daAuts
